 Dungeon Crawl Stone Soup version 0.17.1-2-g5865329 (webtiles) character file.

23 ololoev the Chopper (level 2, -4/36 HPs)
             Began as a Demonspawn Berserker on Jan 20, 2016.
             Was a Follower of Trog.
             Slain by a gnoll
             ... wielding a +0 flail
              (5 damage)
             ... on level 2 of the Dungeon.
             The game lasted 00:04:01 (326 turns).

ololoev the Chopper (Demonspawn Berserker)           Turns: 326, Time: 00:04:01

Health: -4/36      AC:  3    Str: 22    XL:     2   Next: 75%
Magic:  2/2        EV: 12    Int:  8    God:    Trog [*.....]
Gold:   33         SH:  0    Dex: 12    Spells: 0 memorised, 1 level left

rFire  . . .     SeeInvis .     a - +0 hand axe
rCold  . . .     Clarity  .     h - +0 leather armour (curse)
rNeg   . . .     SustAt   .     (no shield)
rPois  .         Gourm    .     (no helmet)
rElec  .         Spirit   .     (no cloak)
rCorr  .         Warding  .     (no gloves)
rMut   .         Stasis   .     (no boots)
MR     .....                    (no amulet)
Stlth  ..........               (no ring)
                                (no ring)

@: berserking, very quick, not resistant to hostile enchantments, extremely
unstealthy
A: demonic guardian 1
a: Berserk, Burn Spellbooks, Renounce Religion


Innate Abilities, Weirdness & Mutations

A weak demonic guardian rushes to your aid.

Inventory:

Hand Weapons
 a - a +0 hand axe (weapon)
Armour
 h - a cursed +0 leather armour (worn)
Potions
 e - a potion of beneficial mutation {unknown}
 i - a potion of invisibility {unknown}
Comestibles
 b - a chunk of flesh
 c - a bread ration
 d - a meat ration
 f - a slice of pizza
 g - a beef jerky


   Skills:
 - Level 3.0 Fighting
 * Level 3.3 Axes
 + Level 2.2 Armour
 - Level 1.7 Dodging


You had one spell level left.
You didn't know any spells.


You were on level 2 of the Dungeon.
You worshipped Trog.
Trog was aware of your devotion.
You were hungry.

You visited 1 branch of the dungeon, and saw 2 of its levels.

You collected 33 gold pieces.

........รท....####.........
#.
..........................
.....
......#......####.........
##.## .............#
#####...## # .
......#.####.# ...# ##
#######......# ..# #
######.# .# # ##.###### ..
# #.....@g# #..####g##
.....###.g.##
##.#.###.....# #.#.
#.......# . #......_.......
## ##.#.......#...
#.##...$.##... # ##...## ..

Notes
Turn   | Place    | Note
--------------------------------------------------------------
     0 | D:1      | ololoev the Demonspawn Berserker began the quest for the Orb.
     0 | D:1      | Reached XP level 1. HP: 18/18 MP: 1/1
   123 | D:2      | Gained mutation: A weak demonic guardian rushes to your aid. [demonic ancestry]
   123 | D:2      | Reached XP level 2. HP: 17/24 MP: 2/2
   145 | D:2      | HP: 1/24 [kobold (4)]
   176 | D:2      | HP: 1/24 [kobold (3)]
   313 | D:2      | Found a white marble altar of Elyvilon.
   326 | D:2      | HP: 1/36 [gnoll (4)]
   326 | D:2      | Slain by a gnoll

Dungeon Overview and Level Annotations

Branches:
Dungeon (2/15)

Altars:
Elyvilon


Message History

Trog accepts your kill.
Your quasit barely misses the gnoll.
Your quasit claws the gnoll but does no damage.
Your quasit barely misses the gnoll.
Your quasit bites the gnoll.
Your quasit barely misses the gnoll.
Your quasit closely misses the gnoll.
A goblin comes into view.
You closely miss the gnoll.
The gnoll is severely wounded.
Unknown command.
You hit the jackal.
You kill the jackal!
Trog accepts your kill.
You hit the gnoll.
The gnoll is almost dead.
Your quasit closely misses the gnoll.
Your quasit claws the gnoll but does no damage.
Your quasit closely misses the gnoll.
The gnoll misses you.
Unknown command.
You barely miss the gnoll.
The gnoll is lightly wounded.
You hit the gnoll.
The gnoll is almost dead.
You feel less exhausted. The gnoll barely misses you.
Your quasit bites the gnoll.
Your quasit claws the gnoll but does no damage.
Your quasit claws the gnoll.
The gnoll hits you with a flail. Something closely misses your quasit.
Unknown command.
Use which ability? (? or * to list)
A red film seems to cover your vision as you go berserk!
You feel yourself moving faster!
You feel mighty!
You are feeling hungry.
Your quasit disappears in a puff of smoke!
The gnoll hits you! The gnoll hits you but does no damage.
You barely miss the gnoll.
The gnoll is moderately wounded.
You closely miss the gnoll.
The gnoll is almost dead.
The gnoll hits you. The gnoll hits you with a flail.
You die...

You could see 2 gnolls and a goblin.

Vanquished Creatures
  2 worms (D:2)
  A ball python (D:2)
  4 bats (D:2)
  A giant cockroach (D:1)
  A hobgoblin (D:1)
  2 kobolds
  3 giant newts (D:1)
  2 goblins
  A jackal (D:2)
  A rat (D:1)
18 creatures vanquished.

Action                   || total
-------------------------++-------
Melee: Hand axe          ||    53
Invok: Berserk           ||     3
  Use: Scroll            ||     1

Vault maps used:
D:1:      ncdulo_halloftheorcs
D:2:      lemuel_round_altar, minmay_cut_off
